 Dungeon Crawl Stone Soup version 0.31-a0-261-g072fdb8a1f (webtiles) character file.

Game seed: 3948435101559753963

35 qw the Shooter (level 3, 0/29 HPs)
             Began as a Minotaur Hexslinger on July 13, 2023.
             Slain by Sigmund
             ... wielding a +1 scythe of protection
              (3 damage)
             ... on level 2 of the Dungeon.
             The game lasted 00:00:29 (927 turns).

qw the Shooter (Minotaur Hexslinger)                 Turns: 927, Time: 00:00:29

Health: 0/29       AC: 12    Str: 12    XL:     3   Next: 17%
Magic:  3/3        EV: 19    Int: 10    God:
Gold:   38         SH:  0    Dex: 14    Spells: 3/4 levels left

rFire   . . .        Y - melded +1 sling
rCold   . . .        (shield currently unavailable)
rNeg    + + +        e - melded +0 ring mail
rPois   +            (helmet currently unavailable)
rElec   .            (cloak currently unavailable)
rCorr   .            (gloves currently unavailable)
SInv    .            (boots currently unavailable)
Will    .....        (no amulet)
Stlth   +            (no ring)
HPRegen 0.24/turn    (no ring)
MPRegen 0.08/turn

%: no passive effects
@: fungus-form
A: melee confuse, terrified, no casting, tiny, (horns 2), (retaliatory headbutt)
a: no special abilities


You were on level 2 of the Dungeon.
You were a sentient fungus.
You visited 1 branch of the dungeon, and saw 2 of its levels.

You collected 38 gold pieces.


Innate Abilities, Weirdness & Mutations

You are a sentient fungus.
You are tiny and evasive.
Your melee attack releases spores that confuse breathing creatures.
You become terrified and freeze when enemies are visible.
Your armour is entirely melded.
You are incapable of wielding weapons or throwing items.
You cannot cast spells.
((You have a pair of horns on your head.))
((You reflexively headbutt those who attack you in melee.))


   Skills:
 - Level 2.0 Fighting
 + Level 3.7 Ranged Weapons
 - Level 2.1 Dodging
 - Level 1.0 Spellcasting
 - Level 2.0 Hexes


You had 3 spell levels left.
You knew the following spells:

 Your Spells              Type           Power      Damage    Failure   Level
a - Slow                  Hex            16%        N/A       16%         1

Your spell library contained the following spells:

 Spells                   Type           Power      Damage    Failure   Level
 Inner Flame              Hex/Fire       2%         N/A       56%         3
 Portal Projectile        Hex/Tloc       4%         N/A       56%         3
 Cause Fear               Hex            2%         N/A       83%         4

Inventory:

Hand Weapons
 Y - a +1 sling (melded)
Armour
 e - a +0 ring mail (melded)
Scrolls
 a - a scroll of identify
 b - a scroll of torment {unknown}
Potions
 c - a potion of mutation {unknown}

Dungeon Overview and Level Annotations

Branches:
Dungeon (2/15)

Altars:

Annotations:
D:2 Sigmund


Message History

You shoot a sling bullet.
The sling bullet hits Sigmund but does no damage.
Sigmund is almost dead.
You feel less wooden.
Your +0 ring mail unmelds from your body.
Sigmund casts a spell at you. The puff of flame hits you!
You shoot a sling bullet.
The sling bullet hits Sigmund but does no damage.
Sigmund is almost dead.
Sigmund points at you and mumbles some strange words.
You resist with significant effort.
You shoot a sling bullet.
The sling bullet closely misses Sigmund.
Sigmund gestures at you while chanting. You resist with significant effort.
Sigmund casts a spell at you.
You are confused.
Sigmund hits you from afar with a +1 scythe of protection!
Enter note: Sigmund gestures at you while chanting.
You are more confused.
Sigmund barely misses you. Sigmund gestures at you while chanting.
The puff of flame hits you.
Sigmund points at you and mumbles some strange words.
You resist with significant effort.
Sigmund zaps a wand.
You turn into a sentient fungus.
Your +1 sling melds into your body.
Your +0 ring mail melds into your body.
Sigmund barely misses you.
Sigmund points at you and mumbles some strange words.
The magic dart hits you but does no damage.
Sigmund's eyes start glowing with a red light.
Sigmund casts a spell at you. The magic dart hits you!
You feel less confused. Sigmund misses you. Sigmund barely misses you.
Sigmund hits you from afar with a +1 scythe of protection.
You die...

... ... #.# ... #####.#
### #...#.# #..
###.#.#.# #.# #
#.f.#...##### #.# #
#....@.#####.....###.###
# #..###.
#....##........ # . ##
#.....#####.#.. #
#......## #.... # ###
#####.## #.#.. #### #..
#.# #.#). ...# #.# #.#
#.##. ##.# ... ##+##
#....


You could see Sigmund.

Vanquished Creatures
  An adder (D:2)
  2 dart slugs (D:1)
  2 ball pythons (D:1)
  An endoplasm (D:1)
  A giant cockroach (D:1)
  A hobgoblin (D:1)
  2 jackals (D:1)
  A quokka (D:1)
  A bat (D:1)
  6 frilled lizards
  4 kobolds (D:1)
  2 rats
24 creatures vanquished.

Notes
Turn   | Place    | Note
-------+----------+-------------------------------------------
     0 | D:1      | qw the Minotaur Hexslinger began the quest for the Orb.
     0 | D:1      | Reached XP level 1. HP: 16/16 MP: 1/1
     0 | D:1      | 0 ||| qw: Version: 0.3-a-52-g30416fa
     0 | D:1      | 0 ||| qw: Game counter: 7003
     0 | D:1      | 0 ||| qw: Melee chars always use a shield: true
     0 | D:1      | 0 ||| qw: God list: Okawaru
     0 | D:1      | 0 ||| qw: Allow faded altars: false
     0 | D:1      | 0 ||| qw: Do Orc after clearing Dungeon:15 true
     0 | D:1      | 0 ||| qw: Do second Lair branch before Depths: true
     0 | D:1      | 0 ||| qw: Lair rune preference: random
     0 | D:1      | 0 ||| qw: Goals: Normal
     0 | D:1      | 0 ||| PLANNING D:1-11
    83 | D:1      | 83 ||| FLEEEEING.
    84 | D:1      | 84 ||| FLEEEEING.
    85 | D:1      | 85 ||| FLEEEEING.
    95 | D:1      | 95 ||| FLEEEEING.
   144 | D:1      | 144 ||| FLEEEEING.
   145 | D:1      | 145 ||| FLEEEEING.
   146 | D:1      | 146 ||| FLEEEEING.
   147 | D:1      | 147 ||| FLEEEEING.
   148 | D:1      | 148 ||| FLEEEEING.
   149 | D:1      | 149 ||| FLEEEEING.
   150 | D:1      | 150 ||| FLEEEEING.
   155 | D:1      | Reached skill level 3 in Ranged Weapons
   210 | D:1      | Reached XP level 2. HP: 23/23 MP: 2/2
   756 | D:1      | 756 ||| UPGRADING to +0 ring mail.
   766 | D:1      | 766 ||| DROPPING +0 robe.
   767 | D:1      | 767 ||| READING scroll labelled QICYVE BO ELET.
   768 | D:1      | 768 ||| DROPPING scroll of poison.
   812 | D:2      | Reached XP level 3. HP: 28/29 MP: 3/3
   888 | D:2      | Noticed Sigmund
   923 | D:2      | HP: 2/29 [Sigmund/magic dart (9)]
   927 | D:2      | Slain by Sigmund

Levels and vault maps discovered:
D:1:      heliophobic_arrival_enchanted_forest, layout_loops_cross
D:2:      layout_loops_corners, uniq_terence, uniq_sigmund, uniq_robin

Skill      XL: |  1  2 |
---------------+-------+-----
Ranged Weapons | 3 |  3.7
Fighting       | 2 |  2.0
Dodging        | |  2.1
Spellcasting   | |  1.0
Hexes          | |  2.0

Action                     || total
---------------------------++-------
   Fire: Sling             ||    91
    Use: Scroll            ||     1
 Armour: Ring mail         ||     2
         Robe              ||     1
         Skin              ||    12
  Dodge: Dodged            ||    22

Table legend:
 A = Non-vault XP
 B = Vault XP
 C = Vault XP percentage of total XP
 D = Non-vault monster count
 E = Vault monster count
 F = Vault count percentage of total count
                 A         B        C        D         E       F
            +---------+---------+-------+---------+---------+-------
      Total |      51 |       0 |   0.0 |      24 |       0 |   0.0
            +---------+---------+-------+---------+---------+-------
        D:1 |      35 |       0 |   0.0 |      20 |       0 |   0.0
        D:2 |      16 |       0 |   0.0 |       4 |       0 |   0.0
            +---------+---------+-------+---------+---------+-------
